 Dungeon Crawl Stone Soup version 0.29-a0-409-gd843f3a48c (webtiles) character file.

Game seed: 669410017363328865

4140 deadleaves the Thaumaturge (level 10, -1/50 HPs)
             Began as a Deep Elf Summoner on May 15, 2022.
             Was a Follower of Vehumet.
             Shot with a sling bullet by Joseph (4 damage)
             ... on level 8 of the Dungeon.
             The game lasted 00:38:05 (8856 turns).

deadleaves the Thaumaturge (Deep Elf Summoner)      Turns: 8856, Time: 00:38:07

Health: -1/50      AC:  2    Str:  1      XL:     10   Next: 7%
Magic:  13/33      EV: 14    Int: 26 (27) God:    Vehumet [*.....]
Gold:   372        SH:  0    Dex: 16 (17) Spells: 15/26 levels left

rFire   . . .      SeeInvis .   y - +3 long sword of the Voracious God {vorpal, rPois rC+}
rCold   + . .      Faith    .   (no shield)
rNeg    . . .      Spirit   .   a - +0 robe
rPois   +          Reflect  .   (no helmet)
rElec   .          Harm     .   (no cloak)
rCorr   .          Rampage  .   (no gloves)
Will    +....      Rage     1%  g - +0 pair of boots
Stlth   ++........              (no amulet)
HPRegen 0.00/turn               D - ring of magical power
MPRegen 0.23/turn               i - +6 ring of dexterity

@: inhibited regen, slowed, lost strength, very slow
A: berserk 1, clever 1, clumsy 2, deformed body, deterioration 2, weak 2
a: Renounce Religion


You were on level 8 of the Dungeon.
You worshipped Vehumet.
Vehumet was aware of your devotion.
You visited 1 branch of the dungeon, and saw 8 of its levels.
You also visited: Sewer.

You collected 372 gold pieces.

Inventory:

Hand Weapons
 y - the +3 long sword of the Voracious God (weapon) {vorpal, rPois rC+}
   (You found it on level 5 of the Dungeon)

   It inflicts extra damage upon your enemies.
   rC:        It protects you from cold.
   rPois:     It protects you from poison.
Missiles
 t - a throwing net
Armour
 a - a +0 robe (worn)
 g - a +0 pair of boots (worn)
 r - a +0 helmet
Jewellery
 i - a +6 ring of dexterity (right hand)
 j - a ring of poison resistance
 B - a +6 ring of dexterity
 D - a ring of magical power (left hand)
Wands
 k - a wand of iceblast (11)
 v - a wand of polymorph (14)
 w - a wand of flame (18)
Scrolls
 e - 3 scrolls of teleportation
 h - 2 scrolls of poison
 l - 3 scrolls of immolation
 m - 2 scrolls of identify
 o - 2 scrolls of enchant armour
 p - a scroll of fog
 q - 2 scrolls of vulnerability
 s - a scroll of silence
 u - a scroll of fear
 x - a scroll of magic mapping
Potions
 b - a potion of magic
 c - 2 potions of curing
 d - a potion of might
 f - 2 potions of berserk rage
 n - a potion of resistance {unknown}
 z - 2 potions of haste {unknown}
 A - a potion of invisibility {unknown}
 C - a potion of heal wounds {unknown}
 E - a potion of ambrosia {unknown}


   Skills:
 - Level 4.1 Dodging
 - Level 3.3 Stealth
 + Level 8.9 Spellcasting
 + Level 8.8 Conjurations
 + Level 8.6 Summonings
 - Level 4.0 Air Magic
 - Level 6.1 Evocations


You had 15 spell levels left.
You knew the following spells:

 Your Spells              Type           Power      Damage    Failure   Level
a - Summon Small Mammal   Summ           100%       N/A       1%          1
b - Call Imp              Summ           54%        N/A       1%          2
c - Call Canine Familiar  Summ           54%        N/A       1%          3
d - Summon Lightning Spi  Summ/Air       44%        N/A       3%          4
e - Shock                 Conj/Air       100%       1d9       1%          1

Your spell library contained the following spells:

 Spells                   Type           Power      Damage    Failure   Level
 Summon Guardian Golem    Hex/Summ       33%        N/A       2%          3
 Iskenderun's Battlesphe  Conj           55%        2d11      3%          5
 Gell's Gravitas          Tloc           11%        N/A       16%         3
 Teleport Other           Tloc           11%        N/A       16%         3
 Spellforged Servitor     Conj/Summ      27%        N/A       77%         7
 Iron Shot                Conj/Erth      17%        9d4       78%         6
 Dispersal                Tloc           5%         N/A       100%        6


Dungeon Overview and Level Annotations

Branches:
Dungeon (8/15)             Temple (0/1) D:5           Sewer (visited)
   Lair: D:8-11

Altars:
Ashenzari
Fedhas
Kikubaaqudgha
Okawaru
Qazlal
Ru
Uskayaw
Vehumet
Xom

Annotations:
D:8 Joseph


Innate Abilities, Weirdness & Mutations

You tend to lose your temper in combat.
Your mind is acute. (Int +2)
You are very clumsy. (Dex -4)
Armour fits poorly on your strangely shaped body.
Your body often deteriorates upon taking damage.
You are very weak. (Str -4)


Message History

The iceblast engulfs the water moccasin!!
You kill the water moccasin!
Vehumet accepts your kill.
The iceblast engulfs the wolf!!
You kill the wolf!
Vehumet accepts your kill. The iceblast engulfs your wolf!
You kill your wolf!
Your wolf's corpse disappears in a puff of smoke!
You hear an angry hiss. x2; You hear a croak.
Joseph shoots a sling bullet.
The sling bullet hits you!
Your body deteriorates!
You feel weakened.
You have lost your strength.
The sling bullet burns you.
Your crimson imp blinks!
Your lightning spire shoots out a bolt of lightning at Joseph!
The bolt of electricity hits Joseph!
You feel your strength returning.
You have reached level 10!
A basilisk comes into view.
Your lightning spire shoots out a bolt of lightning at Joseph!
The bolt of electricity hits Joseph.
The bolt of electricity hits the basilisk!
You can move again.
Casting: Summon Lightning Spire (dangerous; 3% risk of failure)
Confirm with . or Enter, or press ? or * to list all spells.
Joseph shoots a sling bullet.
The sling bullet hits you. The sling bullet burns you.
Your lightning spire shoots out a bolt of lightning at Joseph!
The bolt of electricity hits Joseph!
The basilisk gazes at you.
You easily resist.
Casting: Call Canine Familiar (safe; 1% risk of failure)
Confirm with . or Enter, or press ? or * to list all spells.
A beastly little devil appears in a puff of flame.
Joseph shoots a sling bullet.
The sling bullet hits you!
* * * LOW HITPOINT WARNING * * *
Your body deteriorates!
You feel clumsy. The sling bullet burns you.
You die...
Xom roars with laughter!

#.... #..).....
#...#######...##..
#######...##...##...##..
.....................#..
............†........#..
........))...........#..
..####'##############.#
#>....8..... #.#
#...@.h..... ..
#..†....<...
#...5.......
#...........
#...........
#.........@.
#.........l.
....#'######


You could see Joseph (ally target), a basilisk, a friendly wolf (summoned), a
friendly lightning spire (summoned) and a friendly crimson imp (summoned).

Vanquished Creatures
  A hornet (D:8)
  2 water moccasins
  A wolf (D:8)
  An ogre (D:7)
  A kobold brigand (D:7)
  2 phantoms (D:6)
  A bullfrog (D:7)
  A wight (D:6)
  A killer bee (D:7)
  A hound (D:4)
  A gnoll (D:4)
  2 adders (D:4)
  A shadow imp (D:5)
  A white imp (D:6)
  A dart slug (D:1)
  2 orcs
  2 bats
  2 endoplasms
  2 giant cockroaches
  4 goblins
  4 hobgoblins
  2 jackals (Sewer)
  5 quokkas
  3 ball pythons (D:3)
  4 frilled lizards
  7 kobolds
  4 rats
59 creatures vanquished.

Vanquished Creatures (collateral kills)
  2 hornets
  4 vampire mosquitoes (D:8)
  3 water moccasins
  An ice beast (D:7)
  A sky beast (D:6)
  2 black bears
  2 ogres
  A phantom (D:5)
  2 scorpions
  7 wights
  5 killer bees (D:7)
  2 orc priests
  4 hounds
  2 gnoll shamans
  2 iguanas
  4 orc wizards
  2 adders (D:2)
  5 gnolls
  A shadow imp (D:5)
  2 white imps (D:7)
  An ufetubus (D:6)
  A worm (D:5)
  A dart slug (D:1)
  11 orcs
  7 ball pythons
  A bat (D:1)
  3 endoplasms
  2 giant cockroaches
  A goblin (D:1)
  3 hobgoblins
  3 kobolds
  A quokka (D:4)
  2 frilled lizards
  2 rats
93 creatures vanquished.

Vanquished Creatures (others)
  2 fungi (D:8)
  19 plants
21 creatures vanquished.

Grand Total: 173 creatures vanquished

Notes
Turn   | Place    | Note
-------+----------+-------------------------------------------
     0 | D:1      | deadleaves the Deep Elf Summoner began the quest for the
                  | Orb.
     0 | D:1      | Reached XP level 1. HP: 10/10 MP: 6/6
   282 | D:1      | Reached XP level 2. HP: 15/15 MP: 5/8
   286 | D:1      | Learned a level 2 spell: Call Imp
   954 | D:1      | Found a faded altar of an unknown god.
   970 | D:1      | Prayed at the altar of an unknown god.
   970 | D:1      | Became a worshipper of Xom of Chaos
  1069 | D:1      | Reached XP level 3. HP: 16/19 MP: 10/10
  1294 | D:2      | XOM: butterfly on damage
  1999 | D:3      | Found a glowing drain.
  2015 | Sewer    | Entered a sewer
  2112 | Sewer    | Noticed a water moccasin
  2123 | Sewer    | XOM: butterfly on damage
  2125 | Sewer    | Killed a water moccasin
  2126 | Sewer    | Reached skill level 5 in Summonings
  2126 | Sewer    | Reached XP level 4. HP: 14/24 MP: 8/12
  2126 | Sewer    | Reached XP level 5. HP: 17/28 MP: 9/14
  2417 | D:3      | XOM: silly message
  2505 | D:3      | Learned a level 3 spell: Call Canine Familiar
  2510 | D:3      | Learned a level 4 spell: Summon Lightning Spire
  2624 | D:3      | XOM: 1-stop teleportation journey
  2701 | D:3      | XOM: 2-stop teleportation journey
  2972 | D:3      | XOM: silly message
  3296 | D:4      | Reached skill level 5 in Spellcasting
  3362 | D:4      | XOM: silly message
  3388 | D:4      | XOM: divination: detect creatures
  3401 | D:4      | Reached skill level 1 in Air Magic
  3683 | D:4      | Reached XP level 6. HP: 26/32 MP: 8/15
  4088 | D:4      | XOM: 2-stop teleportation journey
  4427 | D:4      | XOM: cloud trail
  4460 | D:4      | Reached XP level 7. HP: 35/36 MP: 18/18
  4514 | D:5      | Entered Level 5 of the Dungeon
  4552 | D:5      | XOM: summons 4 hostile demons
  4899 | D:5      | Found a radiant altar of Vehumet.
  4904 | D:5      | Fell from the grace of Xom
  4904 | D:5      | Became a worshipper of Vehumet
  5043 | D:5      | Found a broken altar of Ashenzari.
  5106 | D:5      | XOM: give mutations
  5106 | D:5      | Gained mutation: You passively dampen the noise of your
                  | surroundings. [Xom's mischief]
  5106 | D:5      | Gained mutation: You are dopey. (Int -2) [Xom's mischief]
  5127 | D:5      | Identified the +3 long sword of the Voracious God {vorpal,
                  | rPois rC+}
  5153 | D:5      | Lost mutation: You passively dampen the noise of your
                  | surroundings. [potion of mutation]
  5153 | D:5      | Lost mutation: You are dopey. (Int -2) [potion of mutation]
  5153 | D:5      | Gained mutation: You tend to lose your temper in combat.
                  | [potion of mutation]
  5153 | D:5      | Gained mutation: You have a pair of small antennae on your
                  | head. [potion of mutation]
  5153 | D:5      | Gained mutation: Your mind is acute. (Int +2) [potion of
                  | mutation]
  5214 | D:5      | XOM: torment (19/36 hp)
  5367 | D:5      | XOM: noise
  5486 | D:5      | Found a staircase to the Ecumenical Temple.
  5501 | D:5      | XOM: cloud trail
  5538 | D:5      | XOM: summons 3 hostile shadow creatures
  5591 | D:5      | XOM: summons 5 hostile demons
  5592 | D:5      | Noticed a red devil
  5592 | D:5      | Noticed a neqoxec
  5750 | D:6      | XOM: 1-stop teleportation journey
  5807 | D:6      | Reached XP level 8. HP: 41/41 MP: 11/21
  5987 | D:6      | Reached skill level 1 in Evocations
  6090 | D:6      | Found a stormy altar of Qazlal.
  6130 | D:6      | XOM: polymorph wolf -> howler monkey
  6261 | D:6      | XOM: summons 2 hostile shadow creatures
  6333 | D:6      | XOM: give mutation
  6333 | D:6      | Gained mutation: You are clumsy. (Dex -2) [Xom's mischief]
  6864 | D:6      | XOM: summons 12 hostile demons
  6973 | D:7      | XOM: give mutations
  6973 | D:7      | Gained mutation: Your body sometimes deteriorates upon
                  | taking damage. [Xom's mischief]
  6973 | D:7      | Gained mutation: You are weak. (Str -2) [Xom's mischief]
  6973 | D:7      | Gained mutation: Your body often deteriorates upon taking
                  | damage. [Xom's mischief]
  6976 | D:7      | Noticed a hornet
  6986 | D:7      | Killed a hornet
  7080 | D:7      | Found an ancient bone altar of Kikubaaqudgha.
  7081 | D:7      | Reached skill level 1 in Conjurations
  7114 | D:7      | Reached XP level 9. HP: 45/45 MP: 23/23
  7166 | D:7      | Found a sacrificial altar of Ru.
  7308 | D:7      | Reached * piety under Vehumet
  7308 | D:7      | Offered knowledge of Shock by Vehumet.
  7446 | D:7      | Learned a level 1 spell: Shock
  7660 | D:7      | Reached skill level 5 in Conjurations
  7974 | D:7      | Found a blossoming altar of Fedhas.
  7975 | D:7      | Found a hide-covered altar of Uskayaw.
  7977 | D:7      | Found an iron altar of Okawaru.
  8367 | D:8      | XOM: give mutation
  8367 | D:8      | Gained mutation: Armour fits poorly on your strangely
                  | shaped body. [Xom's mischief]
  8457 | D:8      | XOM: give mutations
  8457 | D:8      | Gained mutation: You are very clumsy. (Dex -4) [Xom's
                  | mischief]
  8457 | D:8      | Gained mutation: You are very weak. (Str -4) [Xom's
                  | mischief]
  8457 | D:8      | Lost mutation: You have a pair of small antennae on your
                  | head. [Xom's mischief]
  8629 | D:8      | Paralysed by a hornet for 1 turns
  8630 | D:8      | XOM: noise
  8740 | D:8      | XOM: noise
  8851 | D:8      | Noticed Joseph
  8853 | D:8      | Lost strength.
  8854 | D:8      | Reached XP level 10. HP: 24/50 MP: 17/24
  8856 | D:8      | Shot with a sling bullet by Joseph

Illustrated notes

Levels and vault maps discovered:
D:1:      minmay_arrival_hallway, layout_rooms,
          shapermc_ecumenical_altar_acropolis
D:2:      layout_basic, minmay_fountain_box
D:3:      layout_basic, portal_sewer_entry_b, moated_statue
D:4:      minmay_wonky_spiral, layout_loops_corners, ldierk_geyser,
          chequers_mini_garden, minmay_statues_item
D:5:      layout_basic, cheibrodos_ashenzari_chains,
          mainiacjoe_overflow_six_doors_small, minmay_temple_entry_nine_rooms
D:6:      layout_basic, mainiacjoe_overflow_cross_hatched, serial_bayou_pond_c,
          patterned_corridor
D:7:      layout_gridville, gammafunk_temple_overflow_claw,
          hangedman_ru_absence, lemuel_crystal_altar
D:8:      layout_gridville, minmay_lair_entry_grove, uniq_maggie, uniq_joseph

Skill      XL: |  1  2  3  4  5  6  7  8  9 |
---------------+----------------------------+-----
Stealth        | 3 |  3.3
Dodging        | 3 4 |  4.1
Spellcasting   | 4 5 6 7 8 |  8.9
Summonings     | 5 6 7 8 |  8.6
Air Magic      | 1 2 4 |  4.0
Evocations     | 6 |  6.1
Conjurations   | 2 8 |  8.8

Action                   |  1- 3 |  4- 6 |  7- 9 | 10-12 || total
-------------------------+-------+-------+-------+-------++-------
Melee: Unarmed           |     1 |       |       |       ||     1
       Short sword       |    37 |       |       |       ||    37
       Mace              |    29 |       |       |       ||    29
       Glaive            |    13 |    34 |       |       ||    47
       Dagger            |       |    48 |     8 |       ||    56
       Long sword        |       |       |    45 |       ||    45
 Cast: Summon Small Mamm |    49 |    17 |    10 |       ||    76
       Call Imp          |     1 |     8 |    28 |     1 ||    38
       Call Canine Famil |       |     5 |    31 |     1 ||    37
       Summon Lightning  |       |       |    19 |       ||    19
       Shock             |       |       |     8 |       ||     8
Evoke: Wand              |       |       |     1 |       ||     1
  Use: Scroll            |       |    11 |     6 |       ||    17
       Potion            |       |       |     1 |       ||     1
 Stab: Sleeping          |     4 |     5 |       |       ||     9
       Distracted        |     1 |     3 |     3 |       ||     7
Armor: Robe              |    27 |    22 |    10 |       ||    59
Dodge: Dodged            |    59 |    54 |    50 |       ||   163

Table legend: (Time is in decaauts)
 A = Elapsed time spent in this place.
 B = Non-inter-level travel time spent in this place.
 C = Inter-level travel time spent in this place.
 D = Time resting spent in this place.
 E = Time spent auto-exploring this place.
 F = Levels seen in this place.
 G = Mean time per level.
                   A        B        C        D        E       F      G
               +--------+--------+--------+--------+--------+-----+--------+
         Total |   8951 |   8779 |    172 |   1717 |   5260 |   9 |  994.6 |
       Dungeon |   8619 |   8447 |    172 |   1549 |   5180 |   8 | 1077.4 |
         Sewer |    331 |    331 |      0 |    168 |     80 |   1 |  331.0 |
               +--------+--------+--------+--------+--------+-----+--------+

Top non-repeatable levels by time:
     D:7: 1340 daAuts
     D:4: 1326 daAuts
     D:1: 1258 daAuts
     D:6: 1240 daAuts
     D:5: 1214 daAuts
     D:3: 909 daAuts
     D:2: 751 daAuts
     D:8: 577 daAuts
   Sewer: 331 daAuts
